 Dungeon Crawl Stone Soup version 0.30-a0-937-ga0a21ad780 (webtiles) character file.

Game seed: 13541789037310786844

6253 bande the Cleaver (level 10, -6/63 HPs)
             Began as a Gargoyle Fighter on Mar 25, 2023.
             Was a High Priest of Okawaru.
             Mangled by Urug
             ... wielding a +6 broad axe
              (20 damage)
             ... on level 11 of the Dungeon.
             The game lasted 00:16:32 (10849 turns).

bande the Cleaver (Gargoyle Fighter)               Turns: 10849, Time: 00:16:32

Health: -6/63      AC: 24    Str: 18    XL:     10   Next: 93%
Magic:  14/14      EV: 10    Int:  9    God:    Okawaru [*****.]
Gold:   342        SH: 12    Dex: 23    Spells: 9/9 levels left

rFire   . . .      SeeInvis .    y - +2 war axe (freeze)
rCold   . . .      Faith    .    c - +0 buckler
rNeg    + . .      Spirit   .    i - +0 plate armour
rPois   ∞          Reflect  +    (no helmet)
rElec   +          Rampage  .    q - +0 cloak
rCorr   .                        (no gloves)
Will    .....                    f - +1 pair of boots Stlth
                                 k - amulet of reflection
HPRegen 0.30/turn                x - +5 ring of evasion
MPRegen 0.14/turn                p - +6 ring of dexterity

@: mighty
A: sickness immunity, AC +7, negative energy resistance 1, electricity
resistance, torment resistance 1, petrification resistance, agile 1, subdued
magic 1, MP-powered wands
a: Renounce Religion, Heroism, Finesse, Duel


You were on level 11 of the Dungeon.
You worshipped Okawaru.
Okawaru was extremely pleased with you.
You visited 1 branch of the dungeon, and saw 11 of its levels.

You collected 537 gold pieces.
You spent 195 gold pieces at shops.

Inventory:

Hand Weapons
 a - a +1 war axe of freezing
 y - a +2 war axe of freezing (weapon)
 D - a +3 flail
Missiles
 u - a throwing net (quivered)
Armour
 c - a +0 buckler (worn)
 f - a +1 pair of boots (worn)
 i - a +0 plate armour (worn)
 q - a +0 cloak (worn)
Jewellery
 e - a ring of see invisible
 k - an amulet of reflection (around neck)
 p - a +6 ring of dexterity (right hand)
 x - a +5 ring of evasion (left hand)
Wands
 o - a wand of flame (30)
 t - a wand of quicksilver (7)
 w - a wand of iceblast (3)
Scrolls
 b - 3 scrolls of teleportation
 l - 2 scrolls of enchant armour
 n - a scroll of fear
 z - a scroll of enchant weapon
 A - 3 scrolls of fog
Potions
 d - a potion of haste
 g - a potion of flight
 h - 2 potions of brilliance
 j - a potion of might
 m - 4 potions of heal wounds
 r - a potion of degeneration {unknown}
 s - 4 potions of berserk rage
 v - 2 potions of curing
 C - a potion of mutation


   Skills:
 + Level 7.3 Fighting
 + Level 9.3 Axes
 + Level 7.4 Armour
 + Level 5.8 Shields
 * Level 6.4 Invocations
 * Level 5.2 Evocations


You had 9 spell levels left.
You didn't know any spells.
Your spell library contained the following spells:

 Spells                   Type           Power      Damage    Failure   Level
 Beastly Appendage        Tmut           0%         N/A       100%        1
 Ensorcelled Hibernation  Hex/Ice        0%         N/A       100%        2
 Passwall                 Tmut/Erth      0%         N/A       100%        2
 Wereblood                Tmut           0%         N/A       100%        2
 Ozocubu's Armour         Ice            0%         N/A       100%        3
 Spider Form              Tmut/Pois      0%         N/A       100%        3
 Swiftness                Air            0%         N/A       100%        3
 Metabolic Englaciation   Hex/Ice        0%         N/A       100%        5
 Simulacrum               Ice/Necr       Unusable   N/A       N/A         6

Dungeon Overview and Level Annotations

Branches:
Dungeon (11/15)            Temple (0/1) D:6             Orc (0/2) D:9
   Lair: D:8-11

Altars:
Cheibriados
Dithmenos
Elyvilon
Fedhas
Nemelex Xobeh
Okawaru
Qazlal
Sif Muna
Vehumet
Yredelemnul
The Shining One

Shops:
D:5 (   D:7 *   D:9 [*

Annotations:
D:1 1 transporter
D:8 exclusions: oklob plant and oklob sapling
D:11 Urug


Innate Abilities, Weirdness & Mutations

You are immune to sickness and miasma.
Your stone body is resilient. (AC +7)
You are immune to poison.
You resist negative energy. (rN+)
You are resistant to electric shocks. (rElec)
You are resistant to unholy torment.
You are immune to petrification.
You are agile. (Dex +4, Str/Int -1)
Your spells are a little easier to cast, but a little less powerful.
You expend magic power (3 MP) to strengthen your wands.


Message History

Urug is heavily wounded.
You closely miss the hornet. The hornet barely misses you.
Urug hits you with a +6 broad axe.
The hornet stings you but does no damage.
You slash Urug! You freeze Urug.
Urug is severely wounded.
You miss the hornet. Urug misses you. You block the hornet's attack.
Unknown command.
You closely miss Urug.
Urug is severely wounded.
You hit the hornet. You freeze the hornet.
The hornet stings you but does no damage.
Urug screams, "All you harpies will die!"
You block Urug's attack. You block the hornet's attack.
You hit Urug. You freeze Urug.
Urug is severely wounded.
You hit the hornet but do no damage. Urug hits you with a +6 broad axe!
The hornet stings you!
* * * LOW HITPOINT WARNING * * *
You block Urug's attack.
The two-headed ogre hits you but does no damage.
You block the two-headed ogre's attack.
You feel much better. The hornet barely misses you.
You block the hornet's attack. You block Urug's attack.
You feel very mighty all of a sudden.
The hornet stings you but does no damage.
Urug hits you but does no damage.
Unknown command.
You hit Urug. You freeze Urug.
Urug is severely wounded.
You hit the hornet. You freeze the hornet.
You completely miss the two-headed ogre.
The hornet closely misses you.
The two-headed ogre hits you with a +0 giant club!
* * * LOW HITPOINT WARNING * * *
You block the two-headed ogre's attack. The hornet stings you.
* * * LOW HITPOINT WARNING * * *
Urug screams, "Damn your eyes!" Urug hits you with a +6 broad axe!!
You die...

#.#.#...
#.#.######.#
####+#........# #
#.......#######
#. #.......+
#..#####.......#
#..............#
#....y.........#
#....o@........#
......O....######
##.#########


You could see Urug, a two-headed ogre and a hornet.

Vanquished Creatures
  Maurice (D:8)
  2 hornets
  Grinder (D:6)
  2 wraiths (D:10)
  2 wyverns
  10 yaks
  3 steam dragons
  An acid dragon (D:10)
  5 water moccasins
  A sky beast (D:7)
  A black bear (D:8)
  2 orc warriors (D:9)
  2 centaurs
  3 kobold brigands
  2 phantoms (D:5)
  2 bullfrogs
  3 scorpions
  3 wights (D:8)
  5 killer bees (D:9)
  A howler monkey (D:9)
  4 hounds
  2 iguanas
  Jessica (D:2)
  Natasha (thrice) (D:2)
  5 orc wizards
  11 gnolls
  11 adders
  A shadow imp (D:5)
  2 white imps (D:7)
  An ufetubus (D:6)
  A worm (D:3)
  A dart slug (D:1)
  12 orcs
  7 endoplasms
  2 giant cockroaches
  6 goblins
  8 hobgoblins
  5 jackals
  2 quokkas
  3 training dummies (D:5)
  9 ball pythons
  8 bats
  5 frilled lizards
  21 kobolds
  3 rats (D:1)
186 creatures vanquished.

Vanquished Creatures (others)
  3 plants (D:8)
3 creatures vanquished.

Grand Total: 189 creatures vanquished

Notes
Turn   | Place    | Note
-------+----------+-------------------------------------------
     0 | D:1      | bande the Gargoyle Fighter began the quest for the Orb.
     0 | D:1      | Reached XP level 1. HP: 14/14 MP: 1/1
   110 | D:1      | Reached XP level 2. HP: 19/19 MP: 2/2
   181 | D:1      | Reached skill level 2 in Axes
   569 | D:1      | Reached XP level 3. HP: 23/23 MP: 3/3
  1057 | D:2      | Reached XP level 4. HP: 25/29 MP: 4/4
  1155 | D:2      | Noticed Natasha
  1165 | D:2      | Reached skill level 3 in Axes
  1166 | D:2      | Killed Natasha
  1281 | D:2      | Reached XP level 5. HP: 33/33 MP: 5/5
  1753 | D:2      | Noticed Natasha
  1757 | D:2      | Killed Natasha
  1837 | D:2      | Noticed Natasha
  1844 | D:2      | Killed Natasha
  1845 | D:2      | Reached skill level 4 in Axes
  1845 | D:2      | Reached XP level 6. HP: 33/38 MP: 6/6
  1870 | D:2      | Noticed Jessica
  1879 | D:2      | Killed Jessica
  1993 | D:3      | Found a snail-covered altar of Cheibriados.
  2122 | D:3      | Found an iron altar of Okawaru.
  2137 | D:3      | Became a worshipper of Warmaster Okawaru
  2838 | D:4      | Found a glowing golden altar of the Shining One.
  3046 | D:4      | Found a stormy altar of Qazlal.
  3645 | D:5      | Entered Level 5 of the Dungeon
  3709 | D:5      | Reached skill level 1 in Invocations
  3709 | D:5      | Reached XP level 7. HP: 38/44 MP: 7/7
  3731 | D:5      | Found a sparkling altar of Nemelex Xobeh.
  3858 | D:5      | Reached skill level 1 in Evocations
  3893 | D:5      | Reached skill level 5 in Axes
  3893 | D:5      | Reached skill level 5 in Armour
  3926 | D:5      | Reached * piety under Okawaru
  4242 | D:5      | Found Yfion's Firing Range.
  4394 | D:6      | Noticed a yak
  4396 | D:6      | Noticed a yak
  4397 | D:6      | Noticed a yak
  4399 | D:6      | Noticed a yak
  4423 | D:5      | Killed a yak
  4855 | D:5      | Killed a yak
  4856 | D:5      | Reached skill level 5 in Fighting
  4856 | D:5      | Reached XP level 8. HP: 39/49 MP: 9/9
  5002 | D:5      | Killed a yak
  5158 | D:5      | Killed a yak
  5159 | D:5      | Reached skill level 6 in Axes
  5463 | D:6      | Found a white marble altar of Elyvilon.
  5517 | D:6      | Found a radiant altar of Vehumet.
  5539 | D:6      | Reached ** piety under Okawaru
  5649 | D:6      | Noticed Grinder
  5677 | D:6      | Killed Grinder
  5678 | D:6      | Reached XP level 9. HP: 36/54 MP: 11/11
  6117 | D:6      | You fall into a shaft and drop 1 floor!
  6238 | D:7      | Reached skill level 7 in Axes
  6298 | D:6      | Found a staircase to the Ecumenical Temple.
  6809 | D:7      | Found Niojoeg's Assorted Antiques.
  6816 | D:7      | Reached *** piety under Okawaru
  6893 | D:7      | Bought a glowing war axe for 195 gold pieces
  6949 | D:7      | Reached skill level 5 in Shields
  7211 | D:8      | Noticed Maurice
  7255 | D:8      | Noticed a hornet
  7261 | D:8      | Killed Maurice
  7262 | D:8      | Reached skill level 5 in Invocations
  7279 | D:8      | Killed a hornet
  7280 | D:8      | Reached skill level 8 in Axes
  7280 | D:8      | Found a basalt altar of Yredelemnul.
  7280 | D:8      | Found a shimmering blue altar of Sif Muna.
  7447 | D:8      | Found a blossoming altar of Fedhas.
  7453 | D:8      | Found a shadowy altar of Dithmenos.
  7497 | D:8      | Reached XP level 10. HP: 61/61 MP: 13/13
  8073 | D:8      | Noticed an oklob plant
  8163 | D:9      | Reached **** piety under Okawaru
  8890 | D:9      | Found a staircase to the Orcish Mines.
  8892 | D:9      | Found Pejamy Edas's Armour Emporium.
  9134 | D:9      | Found Osigh's CLEARANCE SALE!.
  9421 | D:10     | Entered Level 10 of the Dungeon
  9533 | D:10     | Reached skill level 9 in Axes
  9537 | D:10     | Reached skill level 5 in Evocations
 10001 | D:10     | Reached ***** piety under Okawaru
 10817 | D:11     | Gained mutation: Your spells are a little easier to cast,
                  | but a little less powerful. [potion of mutation]
 10817 | D:11     | Gained mutation: You expend magic power (3 MP) to
                  | strengthen your wands. [potion of mutation]
 10817 | D:11     | Gained mutation: You are agile. (Dex +4, Str/Int -1)
                  | [potion of mutation]
 10831 | D:11     | Noticed Urug
 10841 | D:11     | Noticed a two-headed ogre
 10849 | D:11     | Mangled by Urug

Illustrated notes

Levels and vault maps discovered:
D:1:      spicycebolla_arrival_risky_transporter, layout_loops_ring
D:2:      layout_basic, uniq_jessica, uniq_natasha
D:3:      layout_rooms, mainiacjoe_overflow_concentric_impassable,
          okawaru_ov_weapons_minmay
D:4:      layout_basic, kennysheep_mini_moat, nicolae_tso_carved_into_rock,
          kennysheep_big_empty_room
D:5:      layout_basic, mainiacjoe_overflow_six_doors_small,
          nicolae_eternal_life, nicolae_kite_square_tiling_tiny,
          nicolae_shop_firing_range
D:6:      layout_basic, mainiacjoe_overflow_paths, mainiacjoe_overflow_alcove_2,
          minmay_temple_entry_statues_fountains, uniq_grinder
D:7:      layout_loops_corners, serial_shops, shop, minmay_door_square
D:8:      layout_layer_cave, grunt_temple_overflow_open,
          introduction_to_nature_1, uniq_maurice
D:9:      layout_stronghold, orc_david_3, nicolae_shop_clearance
D:10:     layout_loops_corners
D:11:     layout_basic, lair_entry_dummy, kennysheep_generic_room_5, uniq_urug

Skill      XL: |  1  2  3  4  5  6  7  8  9 10 |
---------------+-------------------------------+-----
Axes           | 2 3 4 5 6 8 9 |  9.3
Armour         | 4 5 6 7 |  7.4
Fighting       | 4 5 6 7 |  7.3
Shields        | 4 5 |  5.8
Invocations    | 1 2 3 5 6 |  6.4
Evocations     | 2 3 4 5 |  5.2

Action                     |  1- 3 |  4- 6 |  7- 9 | 10-12 || total
---------------------------+-------+-------+-------+-------++-------
  Melee: War axe           |    97 |   159 |   233 |   187 ||   676
    Use: Scroll            |     5 |     6 |     1 |     6 ||    18
         Potion            |       |       |     4 |     3 ||     7
 Armour: Scale mail        |    63 |    82 |       |       ||   145
         Plate armour      |       |    64 |   193 |   137 ||   394
  Dodge: Dodged            |    53 |    67 |    50 |    62 ||   232
  Block: Buckler           |    27 |    42 |    76 |    75 ||   220

Table legend: (Time is in decaauts)
 A = Elapsed time spent in this place.
 B = Non-inter-level travel time spent in this place.
 C = Inter-level travel time spent in this place.
 D = Time resting spent in this place.
 E = Time spent auto-exploring this place.
 F = Levels seen in this place.
 G = Mean time per level.
                   A        B        C        D        E       F      G
               +--------+--------+--------+--------+--------+-----+--------+
         Total |  11050 |  10616 |    434 |   2728 |   6084 |  11 | 1004.5 |
       Dungeon |  11050 |  10616 |    434 |   2728 |   6084 |  11 | 1004.5 |
               +--------+--------+--------+--------+--------+-----+--------+

Top non-repeatable levels by time:
     D:5: 1784 daAuts
    D:10: 1400 daAuts
     D:9: 1302 daAuts
     D:4: 1288 daAuts
     D:1: 1181 daAuts
     D:8: 977 daAuts
     D:7: 963 daAuts
     D:2: 888 daAuts
     D:6: 818 daAuts
     D:3: 398 daAuts
    D:11: 48 daAuts
